 Dungeon Crawl Stone Soup version 0.30.1-11-g7821555f0a (webtiles) character file.

Game seed: 13315136482610420544

214 Graphine the Ducker (level 5, -1/36 (41) HPs)
             Began as a Merfolk Transmuter on Nov 21, 2023.
             Was a Follower of Uskayaw.
             Shot with a sling bullet by a wight (4 damage)
             ... on level 4 of the Dungeon.
             The game lasted 00:13:07 (2906 turns).

Graphine the Ducker (Merfolk Transmuter)            Turns: 2906, Time: 00:13:08

HP:   -1/36 (41)    AC: 10    Str: 17    XL:     5   Next: 92%
MP:   3/8           EV: 17    Int: 12    God:    Uskayaw [*.....]
Gold: 45            SH:  0    Dex: 12    Spells: 5/8 levels left

rFire   + . .        l - +1 dagger (speed)
rCold   + + .        (no shield)
rNeg    . . .        u - +5 ring mail of Patterns {rF+ rC++ Dex-4 SInv}
rPois   .            (no helmet)
rElec   .            (no cloak)
rCorr   .            (no gloves)
SInv    +            (no boots)
Will    .....        (no amulet)
Stlth   +            g - +6 ring of strength
HPRegen 0.26/turn    q - +5 ring of evasion
MPRegen 0.11/turn

%: no passive effects
@: wereblooded, heavily drained
A: (nimble swimmer 2), mertail
a: Renounce Religion, Stomp


You were on level 4 of the Dungeon.
You worshipped Uskayaw.
Uskayaw was noncommittal.
You visited 1 branch of the dungeon, and saw 4 of its levels.

You collected 101 gold pieces.
You spent 56 gold pieces at shops.

Inventory:

Hand Weapons
 l - a +1 dagger of speed (weapon)
Missiles
 k - 14 poisoned darts
Armour
 u - the +5 ring mail of Patterns (worn) {rF+ rC++ Dex-4 SInv}
   (You found it on level 3 of the Dungeon)

   Dex:       It affects your dexterity (-4).
   rF:        It protects you from fire.
   rC:        It greatly protects you from cold.
   SInv:      It lets you see invisible.
Jewellery
 g - a +6 ring of strength (left hand)
 q - a +5 ring of evasion (right hand)
Wands
 v - a wand of charming (7)
Scrolls
 f - 2 scrolls of immolation
 h - 3 scrolls of amnesia
 j - a scroll of silence {unknown}
 m - 3 scrolls of fear
 n - 3 scrolls of enchant armour {unknown}
 o - a scroll of noise {unknown}
 p - a scroll of poison {unknown}
 r - a scroll of blinking {unknown}
 t - a scroll of fog {unknown}
 x - a scroll of teleportation {unknown}
Potions
 a - a potion of magic {unknown}
 b - 2 potions of lignification
 c - 3 potions of degeneration
 d - a potion of might {unknown}
 e - 2 potions of mutation {unknown}
 i - a potion of brilliance {unknown}
 s - a potion of berserk rage {unknown}
 w - 2 potions of attraction {unknown}
 z - a potion of invisibility {unknown}


   Skills:
 + Level 3.2 Fighting
 + Level 2.3 Long Blades
 + Level 4.6 Dodging
 + Level 4.6 Unarmed Combat
 - Level 2.0 Spellcasting
 - Level 2.6 Transmutations


You had 5 spell levels left.
You knew the following spells:

 Your Spells              Type           Power      Damage    Failure   Level
a - Beastly Appendage     Tmut           14%        N/A       17%         1
b - Wereblood             Tmut           7%         N/A       26%         2

Your spell library contained the following spells:

 Spells                   Type           Power      Damage    Failure   Level
 Sting                    Tmut/Pois      16%        1d3       28%         1
 Poisonous Vapours        Pois/Air       2%         N/A       58%         2
 Spider Form              Tmut/Pois      4%         N/A       65%         3
 Dazzling Flash           Conj/Hex       2%         N/A       83%         3
 Volatile Blastmotes      Fire/Tloc      2%         2d10      83%         3
 Ice Form                 Ice/Tmut       4%         N/A       96%         4
 Iskenderun's Mystic Bla  Conj/Tloc      1%         2d3       99%         4
 Olgreb's Toxic Radiance  Pois           1%         N/A       99%         4
 Fireball                 Conj/Fire      0%         3d3       100%        5
 Iskenderun's Battlesphe  Conj           1%         2d6       100%        5
 Conjure Ball Lightning   Conj/Air       0%         3x3d6     100%        6
 Starburst                Conj/Fire      0%         6d3       100%        6
 Orb of Destruction       Conj           0%         9d5       100%        7


Dungeon Overview and Level Annotations

Branches:
Dungeon (4/15)
 Temple: D:4-7

Altars:
Fedhas
Nemelex Xobeh
Qazlal
Uskayaw
Wu Jian
Xom
The Shining One

Shops:
D:3 ?


Innate Abilities, Weirdness & Mutations

((You are very nimble when in or above water. (Stealth+, EV+, Speed+++)))
Your lower body shifts to a powerful aquatic tail in water.


Message History

The wight is heavily damaged.
The wight closely misses you.
The wight shoots a sling bullet.
The sling bullet misses you.
The wight splashes around in the water.
You hit the wight but do no damage. You headbutt the wight.
You tail-slap the wight, but do no damage.
The wight is severely damaged.
You can now pass through a line of other dancers.
The wight splashes around in the water.
You barely miss the wight.
You headbutt the wight, but do no damage.
Your tail-slap misses the wight.
The wight is severely damaged.
Your horns disappear.
The wight hits you with a +0 falchion.
You hit the wight.
The wight is almost destroyed.
The wight splashes around in the water.
You hit the wight but do no damage.
The wight is almost destroyed.
The wight hits you with a +0 falchion!
* * * LOW HITPOINT WARNING * * *
Aiming: Line Pass
Press: ? - help, Dir - move target, f - wight
Aim: a wight, wielding a +0 sling and wearing a +0 robe You can't stand on top of the monster!
Aiming: Line Pass
Press: ? - help, Dir - move target, p - wight The wight appears confused. x2
You can no longer pass through a line of other dancers.
The wight hits you from afar with a +0 spear.
* * * LOW HITPOINT WARNING * * *
You feel drained.
* * * LOW HITPOINT WARNING * * *
The wight unwields a +0 sling.
The wight wields a +2 dagger.
The wight splashes around in the water.
Okay, then.
The wight seems less confused. x2; The wight unwields a +2 dagger.
The wight wields a +0 sling.
The wight shoots a sling bullet.
The sling bullet hits you.
You die...

#.......#. #.#......
......... #.#......
♣......##+##.......P
#♣♣♣♣♣♣♣♣.................P
#♣P~~~~~~♣♣................~
♣~~~P~~~~P♣♣.....<.........P
..~~..~P)zz~♣♣~....#......~.♣
.......~z..~~~P.)..#.......P~
............@......###...~P~~
~~....~....~.......# #....P♣~
~P~~~~♣~~.~.♣......# #..PPP~P
PP≈PP~~~P~~P♣......# #..PPP~~
~~≈≈≈≈~~~~~~#....### #...~~.~
≈≈≈≈P~~~####### #..~.~P#
~≈~~~~P♣# #.###### P~PP~~ #.#
###.#


You could see 3 wights.

Vanquished Creatures
  Ijyb (D:4)
  7 adders
  3 gnolls (D:4)
  A worm (D:2)
  5 dart slugs
  9 endoplasms
  3 giant cockroaches
  6 goblins
  7 hobgoblins
  4 jackals (D:2)
  6 kobolds
  5 quokkas
  12 ball pythons
  9 bats
  4 rats
82 creatures vanquished.

Notes
Turn   | Place    | Note
-------+----------+-------------------------------------------
     0 | D:1      | Graphine the Merfolk Transmuter began the quest for the
                  | Orb.
     0 | D:1      | Reached XP level 1. HP: 15/15 MP: 3/3
    87 | D:1      | Reached XP level 2. HP: 6/21 MP: 5/5
   435 | D:1      | Found a faded altar of an unknown god.
   439 | D:1      | Reached XP level 3. HP: 27/27 MP: 6/6
  1296 | D:2      | Reached XP level 4. HP: 30/34 MP: 7/7
  1600 | D:2      | Reached skill level 1 in Long Blades
  1606 | D:2      | Learned a level 2 spell: Wereblood
  1781 | D:3      | Reached XP level 5. HP: 40/40 MP: 6/8
  1861 | D:3      | Identified the +5 ring mail of Patterns {rF+ rC++ Dex-4
                  | SInv}
  1939 | D:3      | Found Juliseuz's Magic Scroll Emporium.
  1944 | D:3      | Bought a scroll of identify for 28 gold pieces
  1944 | D:3      | Bought a scroll of identify for 28 gold pieces
  2044 | D:3      | Found an ornate altar of the Wu Jian Council.
  2061 | D:3      | Found a sparkling altar of Nemelex Xobeh.
  2062 | D:3      | Found a stormy altar of Qazlal.
  2062 | D:3      | Found a hide-covered altar of Uskayaw.
  2080 | D:3      | Found a glowing golden altar of the Shining One.
  2080 | D:3      | Found a shimmering altar of Xom.
  2081 | D:3      | Found a blossoming altar of Fedhas.
  2088 | D:3      | Became a worshipper of Uskayaw the Reveller
  2107 | D:3      | Reached * piety under Uskayaw
  2644 | D:4      | Reached ** piety under Uskayaw
  2655 | D:4      | Reached *** piety under Uskayaw
  2848 | D:4      | Noticed Ijyb
  2868 | D:4      | Killed Ijyb
  2906 | D:4      | Shot with a sling bullet by a wight

Illustrated notes

Levels and vault maps discovered:
D:1:      evilmike_arrival_hilbert_curve, layout_loops_cross,
          hellmonk_ecumenical_altar_blasted
D:2:      cheibrodos_old_hovel, layout_basic
D:3:      layout_loops_corners, grunt_temple_overflow_open, serial_shops,
          nicolae_shop_hallway_plus, minmay_misc_feat_plants, minmay_cupped
D:4:      layout_basic, nicolae_hepliaklqana_hippocampus, elyvilon_altar_3,
          serial_bayou, serial_bayou_shore_b, serial_bayou_ford_a,
          serial_bayou_lagoon_a, serial_bayou_pond_e, minmay_misc_feat_tiny,
          uniq_ijyb, uniq_blork_the_orc

Skill      XL: |  1  2  3  4  5 |
---------------+----------------+-----
Dodging        | 3 4 |  4.6
Fighting       | 2 3 |  3.2
Unarmed Combat | 4 |  4.6
Long Blades    | 1 2 |  2.3
Spellcasting   | |  2.0
Transmutations | |  2.6

Action                     |  1- 3 |  4- 6 || total
---------------------------+-------+-------++-------
  Melee: Unarmed           |   107 |       ||   107
         Headbutt          |    17 |    23 ||    40
         Punch             |     2 |     6 ||     8
         Dagger            |    21 |   211 ||   232
         Tailslap          |       |     5 ||     5
   Cast: Beastly Appendage |    15 |    18 ||    33
         Wereblood         |       |     1 ||     1
 Invoke: Stomp             |       |     1 ||     1
         Line Pass         |       |     1 ||     1
    Use: Scroll            |       |     3 ||     3
   Stab: Paralysed         |       |     3 ||     3
 Armour: Robe              |    21 |       ||    21
         Leather armour    |     1 |    10 ||    11
         Ring mail         |       |    17 ||    17
  Dodge: Dodged            |    88 |   147 ||   235
